 Dungeon Crawl Stone Soup version 0.21.0-3-g78d12a8 (webtiles) character file.

7906 tkappleton the Carver (level 11, 0/95 HPs)
             Began as a Minotaur Berserker on Jan 7, 2018.
             Was an Elder of Trog.
             Slain by an orc warrior
             ... wielding a +0 glaive
              (17 damage)
             ... on level 9 of the Dungeon on Jan 11, 2018.
             The game lasted 01:38:43 (12066 turns).

tkappleton the Carver (Minotaur Berserker)         Turns: 12066, Time: 01:38:43

Health: 0/95       AC: 20    Str: 23    XL:     11   Next: 2%
Magic:  10/10      EV: 10    Int:  4    God:    Trog [****..]
Gold:   384        SH:  0    Dex: 12    Spells: 10/10 levels left

rFire    . . .     SeeInvis .   J - +0 scimitar (curse)
rCold    . . .     Gourm    .   (no shield)
rNeg     . . .     Faith    .   P - +3 plate armour {MR+}
rPois    +         Spirit   .   (helmet restricted)
rElec    .         Reflect  .   i - +0 cloak
rCorr    .         Harm     .   O - +0 pair of gloves
MR       ++++.                  (no boots)
Stlth    ..........             r - amulet of inaccuracy (curse)
HPRegen  1.25/turn              L - ring of protection from magic
MPRegen  0.12/turn              z - ring of poison resistance

@: regenerating
A: retaliatory headbutt, horns 2
a: Berserk, Trog's Hand, Brothers in Arms, Burn Spellbooks, Renounce Religion


You were on level 9 of the Dungeon.
You worshipped Trog.
Trog was greatly pleased with you.
You were hungry.

You visited 2 branches of the dungeon, and saw 10 of its levels.
You also visited: Bailey.

You collected 520 gold pieces.
You spent 136 gold pieces at shops.

Inventory:

Hand Weapons
 a - a +1 long sword of draining
 b - the +3 hunting sling "Qohihep" {venom, Int+4 Dex+4}
   (You found it on level 5 of the Dungeon)

   It poisons the ammo it fires.
   It affects your intelligence (+4).
   It affects your dexterity (+4).
 B - a +0 great sword
 I - a +0 long sword of protection
 J - a cursed +0 scimitar (weapon)
Missiles
 C - 32 sling bullets (quivered)
 M - 4 tomahawks of returning
Armour
 i - a +0 cloak (worn)
 k - the +1 ring mail "Rixak" {Str-5 Int+6 Slay+3 SInv}
   (You found it on level 6 of the Dungeon)

   It affects your strength (-5).
   It affects your intelligence (+6).
   It affects your accuracy and damage with ranged weapons and melee attacks
   (+3).
   It lets you see invisible.
 O - a +0 pair of gloves (worn)
 P - a +3 plate armour of magic resistance (worn)
Jewellery
 r - a cursed amulet of inaccuracy (around neck)
 u - an uncursed amulet of guardian spirit {unknown}
 w - an uncursed ring of fire
 z - a ring of poison resistance (right hand)
 G - an uncursed ring of protection from cold
 L - a ring of protection from magic (left hand)
 R - an uncursed ring of flight
Wands
 d - a wand of digging (12)
 p - a wand of paralysis (14)
Scrolls
 e - 12 scrolls of identify
 f - 2 scrolls of enchant weapon {unknown}
 g - 4 scrolls of remove curse {unknown}
 m - 3 scrolls of magic mapping {unknown}
 o - a scroll of fog {unknown}
 q - 2 scrolls of random uselessness {unknown}
 v - 2 scrolls of blinking {unknown}
 y - a scroll of amnesia {unknown}
 A - a scroll of summoning {unknown}
 D - a scroll of teleportation {unknown}
 F - 3 scrolls of enchant armour
 H - a scroll of acquirement
Potions
 h - a potion of might {unknown}
 j - 2 potions of curing
 l - a potion of ambrosia {unknown}
 n - 2 potions of mutation {unknown}
 s - 4 potions of lignification {unknown}
 t - a potion of flight {unknown}
 x - a potion of cancellation {unknown}
 E - a potion of agility {unknown}
 Q - 5 potions of heal wounds {unknown}
Comestibles
 c - 9 rations
 K - 11 chunks of flesh


   Skills:
 + Level 8.6 Fighting
 - Level 12.1 Long Blades
 + Level 7.0 Slings
 - Level 0.2(3.9) Throwing
 - Level 10.0 Armour
 + Level 7.5 Dodging


You had 10 spell levels left.
You didn't know any spells.

Dungeon Overview and Level Annotations

Branches:
Dungeon (9/15)             Temple (1/1) D:5            Lair (0/6) D:8
    Orc: D:9-12

Altars:
Ashenzari
Cheibriados
Dithmenos
Elyvilon
Fedhas
Gozag
Hepliaklqana
Kikubaaqudgha
Makhleb
Nemelex Xobeh
Okawaru
Qazlal
Ru
Sif Muna
Trog
Uskayaw
Xom
Yredelemnul
Zin
The Shining One

Shops:
D:4 *   D:6 *


Innate Abilities, Weirdness & Mutations

You reflexively headbutt those who attack you in melee.
You have a pair of horns on your head.


Message History

You kill the orc!
Trog accepts your kill.
You slash the orc priest!
You kill the orc priest!
Trog accepts your kill.
The orc wizard points at you and mumbles some strange words.
The magic dart hits you!
The orc warrior hits you from afar with a glaive!
* * * LOW HITPOINT WARNING * * *
The orc wizard hits you but does no damage.
You feel better.
The orc wizard gestures wildly while chanting.
The orc wizard blinks!
The orc warrior barely misses you.
You closely miss the orc wizard.
The orc wizard is severely wounded.
The orc wizard hits you but does no damage.
You completely miss the orc wizard.
The orc wizard is severely wounded.
The orc warrior hits you from afar with a glaive!
You die...

..........................
..........................
..........................
..........................
#.........................
#####+####.......########
....... #.......#
.......###.......#
....((oo@........#
.......#ยง......[.#
########.........#
.................#
..................
..................
..................
##.......#######.
#.......#


You could see an orc warrior and an orc wizard.

Vanquished Creatures
  2 two-headed ogres (D:8)
  An orc high priest (Bailey)
  A cyclops (D:6)
  A kobold demonologist (Bailey)
  A troll (D:9)
  Grinder (D:5)
  A hippogriff (D:8)
  2 hungry ghosts
  Menkaure (D:6)
  3 sky beasts
  2 phantoms
  11 orc warriors
  An eye of draining (D:6)
  A black bear (D:9)
  2 ice beasts
  5 ogres
  3 centaurs
  3 bullfrogs
  2 scorpions
  5 wights (D:8)
  A howler monkey (D:6)
  4 electric eels (Bailey)
  5 crimson imps
  A bullfrog zombie (D:8)
  A centaur zombie (D:5)
  A jelly (D:7)
  A hound (D:5)
  Crazy Yiuf (D:5)
  4 orc priests
  2 bullfrog skeletons
  An iguana (D:5)
  13 orc wizards
  4 worker ants
  A hound zombie (D:9)
  A hound skeleton (D:5)
  A howler monkey zombie (D:7)
  5 gnolls (Bailey)
  7 adders
  A shadow imp (D:6)
  An ooze (D:7)
  2 adder skeletons
  4 worms
  2 dart slugs
  3 leopard geckos
  44 orcs
  9 giant cockroaches
  15 goblins
  8 hobgoblins
  16 jackals
  7 kobolds
  2 quokkas
  A ball python (D:2)
  5 bats (D:2)
  A frilled lizard (D:5)
  A giant cockroach zombie (D:5)
  2 leopard gecko skeletons
  6 rats
233 creatures vanquished.

Notes
Turn   | Place    | Note
-------+----------+-------------------------------------------
     0 | D:1      | tkappleton the Minotaur Berserker began the quest for the Orb.
     0 | D:1      | Reached XP level 1. HP: 19/19 MP: 0/0
   119 | D:1      | Reached skill level 4 in Long Blades
   260 | D:1      | Reached XP level 2. HP: 22/26 MP: 1/1
   715 | D:2      | Found a shadowy altar of Dithmenos.
   869 | D:2      | Reached skill level 5 in Long Blades
   899 | D:2      | Reached XP level 3. HP: 31/31 MP: 2/2
   911 | D:2      | Found a stormy altar of Qazlal.
  1150 | D:2      | Reached ** piety under Trog
  1918 | D:3      | Reached XP level 4. HP: 39/39 MP: 3/3
  1965 | D:3      | Reached skill level 6 in Long Blades
  2231 | D:3      | Reached XP level 5. HP: 45/45 MP: 4/4
  2257 | D:3      | Noticed a hungry ghost
  2263 | D:3      | Reached skill level 7 in Long Blades
  2274 | D:3      | Killed a hungry ghost
  2274 | D:3      | Reached skill level 8 in Long Blades
  2274 | D:3      | Reached XP level 6. HP: 51/51 MP: 5/5
  2738 | D:4      | Found Umedudgh's Assorted Antiques.
  3247 | D:4      | Found a basalt altar of Yredelemnul.
  3249 | D:4      | Noticed a profane servitor
  3282 | D:4      | Found a shattered altar of Ashenzari.
  3301 | D:4      | Found a glowing golden altar of the Shining One.
  3339 | D:4      | Found a glowing silver altar of Zin.
  3736 | D:5      | Entered Level 5 of the Dungeon
  3757 | D:5      | Noticed a sky beast
  3772 | D:5      | Killed a sky beast
  3772 | D:5      | Reached skill level 9 in Long Blades
  3855 | D:5      | Noticed a sky beast
  3869 | D:5      | Killed a sky beast
  3869 | D:5      | Reached XP level 7. HP: 43/57 MP: 6/6
  3964 | D:5      | Reached skill level 10 in Long Blades
  3995 | D:5      | Found a shimmering altar of Xom.
  3996 | D:5      | Found a shimmering altar of Xom.
  3996 | D:5      | Found a shimmering altar of Xom.
  3998 | D:5      | Found a shimmering altar of Xom.
  3998 | D:5      | Found a shimmering altar of Xom.
  4004 | D:5      | Found a shimmering altar of Xom.
  4006 | D:5      | Noticed Grinder
  4035 | D:5      | Killed Grinder
  4105 | D:5      | Reached skill level 11 in Long Blades
  4385 | D:5      | Found a staircase to the Ecumenical Temple.
  4394 | Temple   | Entered the Ecumenical Temple
  4855 | D:5      | Reached XP level 8. HP: 64/64 MP: 7/7
  5123 | D:5      | Found a hide-covered altar of Uskayaw.
  5190 | D:5      | Reached skill level 12 in Long Blades
  5196 | D:5      | Got a faintly glowing hunting sling
  5199 | D:5      | Identified the +3 hunting sling "Qohihep" {venom, Int+4 Dex+4} (You found it on level 5 of the Dungeon)
  5527 | D:5      | Found a runed door.
  5531 | D:5      | Noticed Crazy Yiuf
  5545 | D:5      | Killed Crazy Yiuf
  5628 | D:6      | Found an iron altar of Okawaru.
  5628 | D:6      | Found a burning altar of Makhleb.
  5628 | D:6      | Noticed a cyclops
  6088 | D:6      | Reached skill level 5 in Armour
  6496 | D:6      | Killed a cyclops
  6639 | D:6      | Found an ancient bone altar of Kikubaaqudgha.
  6679 | D:6      | Upgraded the game from 0.21.0 to 0.21.0-3-g78d12a8
  6685 | D:6      | Reached XP level 9. HP: 70/70 MP: 8/8
  6928 | D:6      | Found Lyraz's General Store.
  6932 | D:6      | Bought a potion of degeneration for 13 gold pieces
  6932 | D:6      | Bought a scroll of enchant armour for 97 gold pieces
  6932 | D:6      | Bought a scroll of identify for 26 gold pieces
  6953 | D:6      | Reached *** piety under Trog
  6960 | D:6      | Got a pitted ring mail
  6993 | D:6      | Noticed Menkaure
  7000 | D:6      | Killed Menkaure
  7166 | D:7      | Found a flagged portal.
  7218 | Bailey   | Entered a bailey
  7497 | Bailey   | Reached skill level 10 in Armour
  7498 | Bailey   | Noticed a kobold demonologist
  7499 | Bailey   | Noticed an orc high priest
  7507 | Bailey   | Noticed a red devil
  7520 | Bailey   | Noticed a red devil
  7535 | Bailey   | Killed a kobold demonologist
  7535 | Bailey   | Reached skill level 1 in Slings
  7569 | Bailey   | Noticed a smoke demon
  7574 | Bailey   | Killed an orc high priest
  7574 | Bailey   | Reached skill level 5 in Fighting
  7835 | Bailey   | Found an iron altar of Okawaru.
  8428 | Bailey   | Reached XP level 10. HP: 72/83 MP: 9/9
  9202 | Bailey   | Reached skill level 5 in Dodging
  9540 | D:7      | Received a gift from Trog
 10308 | D:7      | Identified the +1 ring mail "Rixak" {Str-5 Int+6 Slay+3 SInv} (You found it on level 6 of the Dungeon)
 10370 | D:8      | Reached skill level 5 in Slings
 10382 | D:8      | Found a staircase to the Lair.
 10404 | D:8      | Noticed a two-headed ogre
 10418 | D:8      | Killed a two-headed ogre
 10418 | D:8      | Reached **** piety under Trog
 10812 | D:8      | Noticed a two-headed ogre
 10847 | D:8      | Killed a two-headed ogre
 11853 | D:9      | Reached XP level 11. HP: 87/95 MP: 10/10
 12066 | D:9      | Slain by an orc warrior

Skill      XL: |  1  2  3  4  5  6  7  8  9 10 11 |
---------------+----------------------------------+-----
Long Blades    | 4 5 6 8 9 11 12 | 12.1
Armour         | 8 10 | 10.0
Fighting       | 5 8 |  8.6
Slings         | 3 6 7 |  7.0
Dodging        | 4 7 |  7.5
Throwing       | |  0.2

Action                   |  1- 3 |  4- 6 |  7- 9 | 10-12 || total
-------------------------+-------+-------+-------+-------++-------
Melee: Falchion          |    98 |    83 |   107 |       ||   288
       Headbutt          |    16 |    12 |    31 |    34 ||    93
       Long sword        |       |       |   150 |   131 ||   281
       Scimitar          |       |       |       |    54 ||    54
 Fire: Hunting sling     |     9 |    66 |   162 |   155 ||   392
Throw: Stone             |   113 |     5 |    40 |     2 ||   160
       Throwing net      |     1 |       |       |       ||     1
Invok: Trog's Hand       |       |     2 |     7 |     2 ||    11
       Berserk           |       |     2 |     4 |       ||     6
       Burn Spellbooks   |       |       |     2 |       ||     2
  Use: Potion            |       |       |       |     2 ||     2
  Eat: Chunk             |     3 |     7 |     7 |     7 ||    24
       Ration            |       |     1 |     4 |     2 ||     7
Armor: Scale mail        |    38 |    28 |     4 |       ||    70
       Leather armour    |     1 |       |       |       ||     1
       Chain mail        |       |       |   124 |    26 ||   150
       Plate armour      |       |       |       |    65 ||    65
Dodge: Dodged            |    62 |    28 |    95 |    84 ||   269
       Rpst.: Falchion   |    14 |     9 |     7 |       ||    30
       Long sword        |       |       |    15 |    14 ||    29
       Scimitar          |       |       |       |     3 ||     3
